General information
- name: BNet
- type: Ladder 1vs1/FFA
- host: Battle.net
- saver: dolage
map: TwistedMeadows
- players: 2
- length: 152:09
- speed: Fast
- version: 1.26 W3XP
- replay type: Public
» download(398 KB)
Players
team 1 (loser)
kiki9 (
orange | 70 APM | 10662 actions | 152:04)
5 Blademaster
3 Critical Strike
2 Wind Walk
3 Shadow Hunter
2 Hex
1 Healing Wave
2 Naga Sea Witch
1 Frost Arrows
1 Forked Lightning
» actions
| Assign group hotkey | 254 | |
| Basic commands | 152 | |
| Build / train | 175 | |
| ESC pressed | 6 | |
| Enter build submenu | 121 | |
| Enter hero's abilities submenu | 10 | |
| Give item / drop item | 2 | |
| Right click | 3861 | |
| Select / deselect | 3335 | |
| Select group hotkey | 2406 | |
| Use ability | 338 | |
10662 total
» units
| Peon | 60 | |
| Grunt | 6 | |
| Raider | 7 | |
| Troll Batrider | 37 | |
| Shaman | 3 | |
| Goblin Zeppelin | 1 | |
| Demolisher | 2 | |
116 total
» upgrades
| Pillage | 1 | |
| Berserker Strength | 1 | |
| Ensnare | 1 | |
| Shaman Training | 4 | |
| Reinforced Defenses | 1 | |
| Liquid Fire | 1 | |
| Armor | 3 | |
| Melee Weapons | 3 | |
| Ranged Weapons | 3 | |
| Burning Oil | 1 | |
| Backpack | 1 | |
| Envenomed Spears | 1 | |
| War Drums Damage Increase | 1 | |
| Witch Doctor Training | 2 | |
| Spirit Walker Training | 2 | |
| Troll Regeneration | 1 | |
| Berserker Upgrade | 1 | |
28 total
» buildings
| Altar of Storms | 2 | |
| Orc Burrow | 19 | |
| Barracks | 3 | |
| Voodoo Lounge | 2 | |
| Stronghold | 3 | |
| War Mill | 3 | |
| Beastiary | 6 | |
| Spirit Lodge | 2 | |
| Fortress | 3 | |
| Watch Tower | 69 | |
| Tauren Totem | 1 | |
| Great Hall | 5 | |
118 total
» build order
00:07 Altar of Storms
00:20 Orc Burrow
00:51 Barracks
01:37 Orc Burrow
01:56 Voodoo Lounge
02:48 Orc Burrow
04:21 Stronghold
04:59 War Mill
06:57 Beastiary
07:54 Spirit Lodge
09:42 Orc Burrow
14:29 Orc Burrow
15:29 Orc Burrow
16:25 Orc Burrow
16:59 Fortress
17:56 Orc Burrow
18:03 War Mill
19:07 Orc Burrow
19:28 Watch Tower
19:30 Watch Tower
20:56 Tauren Totem
21:04 Watch Tower
21:54 Beastiary
25:12 Great Hall
25:16 Watch Tower
25:18 Watch Tower
25:19 Watch Tower
25:23 Watch Tower
27:53 Watch Tower
28:21 Watch Tower
29:11 Orc Burrow
29:12 Orc Burrow
31:54 Orc Burrow
31:56 Orc Burrow
31:58 Orc Burrow
32:10 Orc Burrow
33:08 Orc Burrow
35:05 Watch Tower
35:06 Watch Tower
35:10 Watch Tower
36:12 Great Hall
36:17 Watch Tower
36:19 Watch Tower
37:26 War Mill
38:54 Watch Tower
40:06 Orc Burrow
41:55 Altar of Storms
41:59 Watch Tower
42:35 Watch Tower
43:12 Watch Tower
43:56 Stronghold
47:24 Orc Burrow
47:31 Beastiary
47:45 Beastiary
47:53 Spirit Lodge
48:59 Fortress
48:59 Fortress
57:06 Barracks
57:09 Barracks
58:42 Watch Tower
59:57 Watch Tower
59:57 Watch Tower
59:58 Watch Tower
59:59 Watch Tower
61:18 Great Hall
61:19 Watch Tower
61:21 Watch Tower
61:23 Watch Tower
62:30 Watch Tower
62:35 Watch Tower
62:39 Watch Tower
63:15 Watch Tower
63:17 Watch Tower
63:19 Watch Tower
63:22 Watch Tower
66:10 Voodoo Lounge
66:12 Watch Tower
66:13 Watch Tower
66:16 Great Hall
66:19 Watch Tower
66:26 Watch Tower
66:29 Watch Tower
66:32 Watch Tower
67:21 Watch Tower
67:23 Watch Tower
67:24 Watch Tower
67:29 Watch Tower
67:35 Watch Tower
67:37 Watch Tower
67:40 Watch Tower
71:55 Watch Tower
71:56 Watch Tower
71:57 Watch Tower
71:58 Watch Tower
72:19 Watch Tower
72:59 Watch Tower
73:04 Watch Tower
73:07 Watch Tower
73:12 Great Hall
73:15 Watch Tower
73:17 Watch Tower
73:19 Watch Tower
73:20 Watch Tower
73:22 Watch Tower
74:21 Watch Tower
74:22 Watch Tower
74:24 Watch Tower
74:25 Watch Tower
74:35 Watch Tower
74:38 Watch Tower
74:41 Watch Tower
75:53 Beastiary
77:07 Watch Tower
77:38 Beastiary
77:53 Watch Tower
79:12 Watch Tower
99:40 Orc Burrow
» items
| Healing Salve | 5 | |
| Boots of Speed | 1 | |
| Lesser Clarity Potion | 2 | |
| Orb of Lightning | 1 | |
| Staff of Teleportation | 1 | |
10 total
team 2 (winner)
dolage (
pink | 46 APM | 7048 actions | 152:09)
7 Archmage
3 Blizzard
3 Brilliance Aura
1 Mass Teleport
8 Blood Mage
3 Flame Strike
3 Banish
1 Siphon Mana
1 Summon Phoenix
7 Goblin Alchemist
3 Chemical Rage
3 Acid Bomb
1 Transmute
» actions
| Assign group hotkey | 111 | |
| Basic commands | 425 | |
| Build / train | 329 | |
| ESC pressed | 14 | |
| Enter build submenu | 150 | |
| Enter hero's abilities submenu | 23 | |
| Give item / drop item | 26 | |
| Right click | 2242 | |
| Select / deselect | 2048 | |
| Select group hotkey | 729 | |
| Use ability | 949 | |
7048 total
» units
| Peasant | 29 | |
| Goblin Shredder | 3 | |
| Goblin Zeppelin | 15 | |
| Gryphon Rider | 1 | |
| Dragonhawk Rider | 13 | |
| Sorceress | 3 | |
| Goblin Sapper | 19 | |
| Rifleman | 1 | |
| Flying Machine | 16 | |
| Priest | 1 | |
| Siege Engine | 8 | |
109 total
» upgrades
| Masonry | 3 | |
| Swords | 3 | |
| Magic Sentry | 1 | |
| Sorceress Training | 2 | |
| Animal War Training | 1 | |
| Cloud | 1 | |
| Storm Hammers | 1 | |
| Armor | 3 | |
| Plating | 3 | |
| Gunpowder | 3 | |
| Long Rifles | 1 | |
| Priest Training | 2 | |
| Flak Cannons | 1 | |
| Barrage | 1 | |
| Flying Machine Bombs | 1 | |
27 total
» buildings
| Altar of Kings | 1 | |
| Farm | 23 | |
| Arcane Vault | 4 | |
| Lumber Mill | 2 | |
| Scout Tower | 132 | |
| Arcane Tower | 20 | |
| Guard Tower | 70 | |
| Town Hall | 5 | |
| Blacksmith | 2 | |
| Keep | 9 | |
| Castle | 3 | |
| Arcane Sanctum | 2 | |
| Gryphon Aviary | 5 | |
| Barracks | 1 | |
| Workshop | 2 | |
281 total
» build order
00:05 Altar of Kings
00:26 Farm
00:32 Farm
00:45 Arcane Vault
01:08 Lumber Mill
01:13 Scout Tower
02:00 Arcane Tower
02:20 Scout Tower
02:55 Guard Tower
03:05 Scout Tower
03:27 Scout Tower
03:28 Scout Tower
03:31 Scout Tower
03:32 Scout Tower
03:36 Scout Tower
03:37 Scout Tower
03:57 Arcane Tower
04:00 Guard Tower
04:00 Guard Tower
04:00 Guard Tower
04:01 Guard Tower
04:01 Guard Tower
04:11 Guard Tower
04:24 Scout Tower
04:25 Scout Tower
04:58 Guard Tower
05:12 Farm
05:31 Guard Tower
06:26 Guard Tower
06:51 Town Hall
07:14 Scout Tower
07:23 Scout Tower
07:26 Scout Tower
07:27 Scout Tower
07:27 Farm
07:43 Guard Tower
08:28 Guard Tower
08:36 Blacksmith
08:52 Scout Tower
09:18 Keep
09:18 Keep
09:19 Keep
09:19 Keep
09:23 Farm
09:41 Arcane Tower
09:46 Scout Tower
09:46 Scout Tower
10:45 Guard Tower
11:33 Scout Tower
11:33 Scout Tower
11:34 Scout Tower
11:34 Scout Tower
12:00 Castle
12:01 Guard Tower
12:04 Guard Tower
12:06 Arcane Tower
12:13 Arcane Vault
12:18 Guard Tower
13:44 Farm
13:47 Arcane Sanctum
15:10 Scout Tower
15:11 Scout Tower
15:52 Guard Tower
15:58 Scout Tower
15:58 Scout Tower
16:00 Gryphon Aviary
16:01 Gryphon Aviary
16:06 Guard Tower
16:08 Barracks
16:10 Gryphon Aviary
16:49 Guard Tower
17:09 Scout Tower
17:12 Scout Tower
17:14 Scout Tower
17:57 Guard Tower
21:58 Scout Tower
21:58 Scout Tower
21:59 Scout Tower
21:59 Scout Tower
22:00 Scout Tower
22:00 Scout Tower
22:33 Arcane Tower
22:34 Guard Tower
22:41 Town Hall
22:42 Guard Tower
22:44 Guard Tower
22:47 Scout Tower
22:47 Scout Tower
22:48 Scout Tower
23:12 Arcane Vault
23:21 Arcane Tower
23:22 Guard Tower
24:25 Guard Tower
24:29 Scout Tower
24:39 Arcane Tower
24:40 Scout Tower
24:41 Scout Tower
24:41 Scout Tower
24:42 Scout Tower
24:43 Scout Tower
25:09 Guard Tower
25:16 Scout Tower
25:17 Scout Tower
25:18 Guard Tower
25:18 Guard Tower
25:21 Town Hall
25:33 Scout Tower
25:33 Scout Tower
25:34 Scout Tower
25:45 Guard Tower
25:46 Scout Tower
25:49 Scout Tower
26:25 Keep
26:28 Arcane Tower
26:29 Guard Tower
26:32 Guard Tower
32:39 Scout Tower
32:40 Scout Tower
32:41 Scout Tower
34:39 Guard Tower
39:38 Guard Tower
40:18 Arcane Tower
40:19 Guard Tower
40:23 Guard Tower
41:47 Arcane Tower
41:49 Guard Tower
43:49 Arcane Tower
43:50 Guard Tower
45:04 Town Hall
45:52 Arcane Tower
45:53 Guard Tower
45:57 Scout Tower
45:58 Scout Tower
45:59 Scout Tower
46:04 Scout Tower
46:15 Scout Tower
46:17 Scout Tower
46:18 Scout Tower
46:22 Scout Tower
46:26 Guard Tower
46:28 Arcane Tower
46:29 Guard Tower
46:48 Guard Tower
46:56 Guard Tower
47:10 Arcane Tower
47:21 Scout Tower
47:22 Scout Tower
47:23 Scout Tower
48:14 Guard Tower
48:39 Keep
48:41 Guard Tower
51:14 Scout Tower
51:15 Scout Tower
51:16 Scout Tower
51:19 Scout Tower
51:20 Scout Tower
51:22 Scout Tower
51:23 Scout Tower
51:24 Scout Tower
51:42 Castle
52:01 Guard Tower
52:04 Scout Tower
52:07 Scout Tower
52:10 Town Hall
52:16 Scout Tower
52:17 Scout Tower
52:18 Scout Tower
52:20 Scout Tower
52:21 Scout Tower
52:23 Scout Tower
52:24 Scout Tower
52:27 Scout Tower
52:28 Scout Tower
52:30 Scout Tower
52:30 Scout Tower
52:31 Scout Tower
52:40 Scout Tower
52:40 Scout Tower
52:46 Guard Tower
53:12 Guard Tower
53:22 Arcane Tower
53:23 Guard Tower
53:40 Guard Tower
53:43 Scout Tower
53:46 Scout Tower
53:48 Scout Tower
53:59 Guard Tower
54:13 Scout Tower
54:15 Scout Tower
54:26 Guard Tower
54:32 Scout Tower
54:34 Scout Tower
54:41 Guard Tower
54:43 Guard Tower
54:59 Guard Tower
55:36 Arcane Tower
57:22 Keep
57:30 Scout Tower
57:30 Scout Tower
57:32 Scout Tower
57:33 Scout Tower
57:33 Scout Tower
57:34 Scout Tower
57:36 Scout Tower
57:48 Scout Tower
57:49 Scout Tower
58:39 Workshop
58:45 Scout Tower
58:49 Guard Tower
58:53 Scout Tower
60:27 Castle
60:35 Lumber Mill
61:42 Guard Tower
61:47 Arcane Tower
63:27 Farm
63:28 Farm
63:29 Farm
68:31 Scout Tower
68:32 Scout Tower
68:34 Scout Tower
68:35 Scout Tower
70:11 Arcane Vault
70:17 Farm
70:27 Farm
71:05 Farm
71:13 Blacksmith
71:41 Scout Tower
71:42 Farm
71:44 Farm
72:00 Gryphon Aviary
72:02 Gryphon Aviary
72:11 Guard Tower
72:44 Workshop
73:23 Arcane Sanctum
73:30 Farm
73:33 Scout Tower
73:35 Farm
73:37 Guard Tower
74:14 Scout Tower
74:21 Scout Tower
74:22 Scout Tower
74:25 Scout Tower
74:31 Guard Tower
74:57 Scout Tower
75:01 Scout Tower
75:03 Scout Tower
75:16 Guard Tower
75:22 Scout Tower
75:24 Scout Tower
75:25 Guard Tower
75:39 Scout Tower
75:43 Guard Tower
75:56 Farm
76:01 Guard Tower
76:45 Farm
77:14 Scout Tower
77:52 Farm
77:53 Farm
77:56 Guard Tower
77:59 Scout Tower
78:01 Scout Tower
78:02 Scout Tower
78:06 Scout Tower
78:09 Scout Tower
78:10 Scout Tower
78:11 Guard Tower
78:12 Scout Tower
78:15 Farm
78:41 Guard Tower
78:54 Farm
78:58 Guard Tower
79:04 Scout Tower
79:05 Farm
80:10 Guard Tower
80:55 Arcane Tower
80:55 Arcane Tower
» items
| Lesser Clarity Potion | 5 | |
| Scroll of Regeneration | 10 | |
| Mechanical Critter | 6 | |
| Staff of Teleportation | 3 | |
| Potion of Invisibility | 3 | |
| Scroll of Town Portal | 4 | |
| Periapt of Vitality | 2 | |
| Potion of Lesser Invulnerability | 2 | |
| Potion of Healing | 3 | |
| Staff of Sanctuary | 2 | |
| Scroll of Healing | 1 | |
| Boots of Speed | 2 | |
| Ivory Tower | 18 | |
| Tome of Retraining | 1 | |
62 total
Chat log
(91:52 / All) kiki9: YOU HERE??
(102:39 / All) kiki9: HELLO
(102:43 / All) kiki9: YOU HERE?
(120:22 / All) kiki9: IHAVE 40K GOLD QUIT PLZ